 Dungeon Crawl Stone Soup version 0.26.1-2-gb8aa6d0cf2 (webtiles) character file.

Game seed: 2772457580594111946

12455 Ladykiller69 the Cleaver (level 11, -3/100 HPs)
             Began as a Minotaur Gladiator on Mar 26, 2021.
             Was an Elder of Wu Jian.
             Slain by a manticore (5 damage)
             ... on level 12 of the Dungeon.
             The game lasted 00:25:08 (11984 turns).

Ladykiller69 the Cleaver (Minotaur Gladiator)      Turns: 11984, Time: 00:25:08

Health: -3/100     AC: 20    Str: 23    XL:     11   Next: 62%
Magic:  10/10      EV: 14    Int:  5    God:    Wu Jian [****..]
Gold:   663        SH:  0    Dex: 11    Spells: 10/10 levels left

rFire    x . .     SeeInvis .   a - +0 war axe
rCold    + + .     Faith    .   (no shield)
rNeg     . . .     Spirit   .   B - +0 ice dragon scales
rPois    .         Reflect  .   c - +0 hat
rElec    .         Harm     .   T - +1 cloak
rCorr    .         Rampage  .   X - +2 pair of gloves
Will     .....                  s - +0 pair of boots
Stlth    ..........             (no amulet)
HPRegen  0.26/turn              (no ring)
MPRegen  0.12/turn              (no ring)

@: marked, barbed spikes, serpent's lash
A: retaliatory headbutt, horns 2
a: Renounce Religion, Wall Jump, Serpent's Lash


You were on level 12 of the Dungeon.
You worshipped Wu Jian.
Wu Jian was greatly pleased with you.
You visited 3 branches of the dungeon, and saw 14 of its levels.

You collected 663 gold pieces.

Inventory:

Hand Weapons
 a - a +0 war axe (weapon)
 C - a +1 whip of electrocution
 M - the +9 battleaxe of the Dark Horse {vamp, +Blink rC+ Str+3}
   (You found it on level 9 of the Dungeon)

   It inflicts no extra harm, but heals its wielder when it wounds a living foe.
   It affects your strength (+3).
   It protects you from cold.
   It lets you blink.
 U - a cursed +3 battleaxe of freezing
 V - a +3 dire flail of freezing
Missiles
 d - 2 throwing nets (quivered)
 u - 24 poisoned darts
Armour
 c - a +0 hat (worn)
 s - a +0 pair of boots (worn)
 B - +0 ice dragon scales (worn)
 F - the +2 plate armour of the Hunter {rElec rF- Regen+ Str+4}
   (You found it on level 7 of the Dungeon)

   It affects your strength (+4).
   It makes you vulnerable to fire.
   It insulates you from electricity.
   It increases your rate of regeneration.
 T - a +1 cloak (worn)
 X - a +2 pair of gloves (worn)
Jewellery
 f - a +4 ring of evasion {unknown}
 y - a +6 ring of strength {unknown}
 E - an uncursed ring of positive energy {unknown}
 P - an uncursed ring of ice {unknown}
 S - a +6 ring of dexterity {unknown}
Wands
 v - a wand of iceblast (5)
 H - a wand of polymorph (9)
 I - a wand of disintegration (24)
 R - a wand of enslavement (9)
Scrolls
 g - 3 scrolls of enchant weapon {unknown}
 i - 7 scrolls of enchant armour {unknown}
 j - 18 scrolls of identify {unknown}
 k - 3 scrolls of blinking {unknown}
 m - 5 scrolls of remove curse {unknown}
 n - 2 scrolls of immolation {unknown}
 p - 6 scrolls of teleportation {unknown}
 q - 2 scrolls of fog {unknown}
 D - a scroll of vulnerability {unknown}
 J - 2 scrolls of fear {unknown}
 K - a scroll of random uselessness {unknown}
 L - a scroll of noise {unknown}
 O - 2 scrolls of amnesia {unknown}
 W - a scroll of magic mapping {unknown}
Potions
 b - a potion of brilliance {unknown}
 e - 5 potions of lignification {unknown}
 h - 2 potions of magic
 l - 5 potions of attraction {unknown}
 o - a potion of resistance {unknown}
 t - 2 potions of might {unknown}
 w - 5 potions of curing {unknown}
 x - 4 potions of haste {unknown}
 z - a potion of heal wounds {unknown}
 A - 3 potions of degeneration {unknown}
 G - 3 potions of mutation {unknown}
 Q - 2 potions of berserk rage {unknown}


   Skills:
 + Level 10.3 Fighting
 * Level 14.0 Axes
 - Level 2.0 Throwing
 + Level 10.0 Armour
 + Level 9.8 Dodging


You had 10 spell levels left.
You didn't know any spells.
Your spell library contained the following spells:

 Spells                   Type           Power        Failure   Level
 Beastly Appendage        Tmut           0%           80%         1
 Wereblood                Tmut           0%           90%         2
 Spider Form              Tmut/Pois      0%           99%         3
 Ice Form                 Ice/Tmut       0%           100%        4
 Blade Hands              Tmut           0%           100%        5


Dungeon Overview and Level Annotations

Branches:
Dungeon (12/15)            Temple (1/1) D:5            Lair (0/6) D:8
    Orc (1/2) D:9

Altars:
Ashenzari
Cheibriados
Dithmenos
Elyvilon
Fedhas
Gozag
Hepliaklqana
Kikubaaqudgha
Makhleb
Nemelex Xobeh
Okawaru
Qazlal
Ru
Sif Muna
Trog
Uskayaw
Vehumet
Wu Jian
Xom
Yredelemnul
Zin
The Shining One

Shops:
D:8 }   Orc:1 }


Innate Abilities, Weirdness & Mutations

You reflexively headbutt those who attack you in melee.
You have a pair of horns on your head.


Message History

You miss the orc wizard.
You hit the boulder beetle but do no damage.
The manticore bites you!
* * * LOW HITPOINT WARNING * * *
The manticore claws you.
* * * LOW HITPOINT WARNING * * *
The manticore closely misses you.
The boulder beetle curls into a ball and begins rolling!
The orc wizard hits you but does no damage.
You are electrocuted!
* * * LOW HITPOINT WARNING * * *
The boulder beetle bites you but does no damage.
Okay, then.
Okay, then.
Your muscles tense, ready for explosive movement...
The barbs in your skin will harm you if you move.
Continue?
Okay, then.
It was a potion of magic.
Magic courses through your body. The manticore bites you.
You die...

.... ....#...................#
...#..........................#
#..#.)..#................###...
#<†.......#...........8..##......
##........#.......)......##......
##...##.#.........B..8.8.#......
............................##
...........#.H.....8.8.......#
##........ ##@†..z....>..#....
#.##....###Bo...#..8...###.. ##
#....Zl....#......##...
#.........B..............
###.............#........
###.BW.................
........u....##......
.................#....
..................#..).


You could see 2 boulder beetles, a red ugly thing, a manticore, a phantom, a
soldier ant, an iguana, a worker ant, a wight, an orc wizard and a centaur
warrior skeleton.

Vanquished Creatures
  A boulder beetle (D:11)
  3 two-headed ogres
  Pikel (D:6)
  2 ugly things (D:11)
  2 centaur zombies (D:11)
  A komodo dragon (D:11)
  3 trolls (D:11)
  A hornet (D:11)
  4 yaks (D:11)
  A vampire (D:11)
  2 wyverns
  3 wraiths (D:11)
  A water moccasin (D:11)
  4 ice beasts
  3 sky beasts
  8 orc warriors
  3 black bears
  2 ogres
  A necrophage (D:9)
  3 centaurs
  A lemure (D:6)
  A big kobold (D:8)
  6 bullfrogs
  A gnoll sergeant (D:10)
  3 scorpions
  11 killer bees
  8 wights
  9 crimson imps (D:8)
  2 quasits (D:9)
  3 bullfrog zombies
  2 hounds
  2 jellies
  3 centaur skeletons
  4 orc priests
  Crazy Yiuf (D:2)
  2 iguanas (D:7)
  An iron imp (D:6)
  A bullfrog skeleton (D:4)
  3 worker ants
  9 orc wizards
  A hound skeleton (D:4)
  A hound zombie (D:7)
  A worker ant zombie (D:9)
  7 gnolls
  8 adders
  A shadow imp (D:5)
  3 white imps
  An ufetubus (D:7)
  An adder zombie (D:7)
  2 worms
  2 dart slugs
  8 leopard geckos
  45 orcs
  12 bats
  8 giant cockroaches
  6 goblins
  8 hobgoblins
  12 jackals
  4 quokkas
  3 ball pythons
  6 frilled lizards
  A goblin skeleton (D:6)
  2 jackal skeletons (D:4)
  9 kobolds
  3 kobold skeletons (D:6)
  2 kobold zombies (D:6)
  A leopard gecko zombie (D:5)
  An orc skeleton (D:6)
  2 quokka skeletons
  10 rats
293 creatures vanquished.

Notes
Turn   | Place    | Note
-------+----------+-------------------------------------------
     0 | D:1      | Ladykiller69 the Minotaur Gladiator began the quest for the
                  | Orb.
     0 | D:1      | Reached XP level 1. HP: 18/18 MP: 0/0
   316 | D:1      | Reached skill level 4 in Axes
   316 | D:1      | Reached XP level 2. HP: 25/25 MP: 1/1
   718 | D:1      | Reached skill level 1 in Armour
  1079 | D:1      | Reached XP level 3. HP: 23/30 MP: 2/2
  1658 | D:2      | Found a runed translucent door.
  1659 | D:2      | Noticed Crazy Yiuf
  1699 | D:2      | Found a radiant altar of Vehumet.
  1742 | D:2      | Killed Crazy Yiuf
  1743 | D:2      | Reached XP level 4. HP: 30/38 MP: 3/3
  2191 | D:3      | Reached skill level 5 in Axes
  2643 | D:3      | Reached XP level 5. HP: 45/45 MP: 4/4
  3279 | D:4      | Reached skill level 6 in Axes
  3279 | D:4      | Reached XP level 6. HP: 15/52 MP: 5/5
  3798 | D:5      | Entered Level 5 of the Dungeon
  3843 | D:5      | Noticed a sky beast
  4109 | D:5      | Killed a sky beast
  4110 | D:5      | Reached skill level 7 in Axes
  4110 | D:5      | Reached skill level 5 in Dodging
  4110 | D:5      | Reached XP level 7. HP: 25/60 MP: 6/6
  4371 | D:5      | Found a staircase to the Ecumenical Temple.
  4380 | Temple   | Entered the Ecumenical Temple
  4482 | Temple   | Became a worshipper of the Wu Jian Council
  4557 | D:5      | Reached skill level 5 in Fighting
  5267 | D:6      | Found a glowing golden altar of the Shining One.
  5287 | D:6      | Noticed Pikel
  5593 | D:6      | Reached * piety under Wu Jian
  5604 | D:6      | Reached skill level 8 in Axes
  5604 | D:6      | Reached XP level 8. HP: 42/69 MP: 7/7
  5845 | D:6      | Killed Pikel
  5846 | D:6      | Reached skill level 9 in Axes
  5846 | D:6      | Reached skill level 5 in Armour
  6492 | D:7      | Got a brightly glowing plate armour
  6503 | D:7      | Identified the +2 plate armour of the Hunter {rElec rF-
                  | Regen+ Str+4} (You found it on level 7 of the Dungeon)
  6553 | D:7      | Reached XP level 9. HP: 71/78 MP: 8/8
  6852 | D:7      | Reached skill level 10 in Axes
  7048 | D:8      | Reached ** piety under Wu Jian
  7392 | D:8      | Found Ynogemaff's Gadget Shoppe.
  7590 | D:8      | Found a staircase to the Lair.
  8326 | D:9      | Reached skill level 11 in Axes
  8507 | D:9      | Found a staircase to the Orcish Mines.
  8904 | D:9      | Reached XP level 10. HP: 42/88 MP: 9/9
  9390 | D:9      | Noticed a two-headed ogre
  9494 | D:9      | Killed a two-headed ogre
  9494 | D:9      | Reached *** piety under Wu Jian
  9580 | D:9      | Got an ancient battleaxe
  9581 | D:9      | Identified the +9 battleaxe of the Dark Horse {vamp, +Blink
                  | rC+ Str+3} (You found it on level 9 of the Dungeon)
  9668 | D:10     | Entered Level 10 of the Dungeon
  9792 | D:10     | Reached skill level 12 in Axes
 10378 | D:11     | Noticed a boulder beetle
 10449 | Orc:1    | Entered Level 1 of the Orcish Mines
 10449 | Orc:1    | Found Ariv's Gadget Boutique.
 10449 | Orc:1    | Noticed an ettin
 10449 | Orc:1    | Noticed an orc warlord
 10908 | D:11     | Reached **** piety under Wu Jian
 10909 | D:11     | Reached skill level 13 in Axes
 10909 | D:11     | Reached XP level 11. HP: 97/97 MP: 10/10
 10918 | D:11     | Noticed a white ugly thing
 10927 | D:11     | Killed a white ugly thing
 11022 | D:11     | Killed a boulder beetle
 11447 | D:11     | Noticed a cyan ugly thing
 11463 | D:11     | Killed a cyan ugly thing
 11703 | D:12     | Reached skill level 10 in Fighting
 11771 | D:12     | Noticed a two-headed ogre
 11779 | D:12     | Killed a two-headed ogre
 11799 | D:12     | Noticed a two-headed ogre
 11806 | D:12     | Killed a two-headed ogre
 11811 | D:12     | Reached skill level 14 in Axes
 11966 | D:12     | Noticed a boulder beetle
 11974 | D:12     | Noticed a boulder beetle
 11980 | D:12     | Reached skill level 10 in Armour
 11982 | D:12     | Noticed a red ugly thing
 11983 | D:12     | HP: 2/100 [orc wizard/+2 dagger of electrocution (12)]
 11984 | D:12     | Slain by a manticore

Illustrated notes

Levels and vault maps discovered:
D:1:      dpeg_arrival_boxorama, layout_loops_corners
D:2:      layout_rooms, vehumet_crystals, minmay_misc_feat_roman,
          grunt_ministairs_11, uniq_crazy_yiuf_cottage
D:3:      layout_basic
D:4:      layout_cave_pools
D:5:      layout_loops_ring, minmay_temple_entry_water_ring
D:6:      layout_basic, nicolae_tso_besieged_by_evil, uniq_pikel
D:7:      layout_rooms
D:8:      layout_basic, lair_entry_dummy, serial_shops, shop, minmay_nine_imps
D:9:      layout_rooms, david_orc_1_choice
D:10:     layout_loops_ring
D:11:     lemuel_upstairs_altar, layout_rooms, minivault_11
D:12:     layout_cave_pools, serial_column_ruins, column_ruins_grid_3,
          column_ruins_corridor_straight, column_ruins_columns_corner,
          column_ruins_open_small_water, column_ruins_grid_2, onia_ninara_cookie
Temple:   minmay_crystal_snake_temple
Orc:1:    nicolae_orc_accident_1, layout_caves, enter_volcano_2, serial_shops,
          nicolae_shop_behind_doors, shop, shop

Skill      XL: |  1  2  3  4  5  6  7  8  9 10 11 |
---------------+----------------------------------+-----
Axes           | 4 5 6 7 8 9 11 13 14 | 14.0
Armour         | 1 2 3 4 6 7 9 10 | 10.0
Fighting       | 3 4 5 6 8 9 10 | 10.3
Dodging        | 4 5 6 7 9 |  9.8
Throwing       | |  2.0

Action                   |  1- 3 |  4- 6 |  7- 9 | 10-12 || total
-------------------------+-------+-------+-------+-------++-------
Melee: War axe           |    83 |   128 |   353 |    71 ||   635
       Headbutt          |     9 |    21 |    56 |    43 ||   129
       Battleaxe         |       |       |       |   124 ||   124
Throw: Throwing net      |       |       |     1 |     2 ||     3
Invok: Lunge             |       |       |    18 |    16 ||    34
       Whirlwind         |       |       |     1 |     5 ||     6
       Serpent's Lash    |       |       |       |     1 ||     1
  Use: Potion            |       |       |       |     1 ||     1
 Stab: Held in net/web   |       |       |       |     2 ||     2
Armor: Leather armour    |    15 |    30 |    10 |       ||    55
       Scale mail        |       |       |     7 |       ||     7
       Ice dragon scales |       |       |   111 |    71 ||   182
Dodge: Dodged            |    65 |    93 |   221 |   113 ||   492
